 Dungeon Crawl Stone Soup version 0.23.2-30-g0e89c35649 (webtiles) character file.

Game seed: 2641346942971310621

20031 diana the Severer (level 12, -19/192 HPs)
             Began as a Minotaur Berserker on June 14, 2019.
             Was a High Priest of Trog.
             Demolished by an ogre
             ... wielding a +0 giant spiked club
              (22 damage)
             ... on level 15 of the Dungeon.
             The game lasted 00:15:48 (8098 turns).

diana the Severer (Minotaur Berserker)              Turns: 8098, Time: 00:15:49

Health: -19/192    AC: 14    Str: 32    XL:     12   Next: 41%
Magic:  11/11      EV: 12    Int:  4    God:    Trog [*****.]
Gold:   550        SH:  0    Dex: 16    Spells: 11/11 levels left

rFire    . . .     SeeInvis +   i - +1 executioner's axe (chop)
rCold    . . .     Gourm    .   (shield currently unavailable)
rNeg     . . .     Faith    .   p - +0 scale mail
rPois    .         Spirit   .   (helmet restricted)
rElec    .         Reflect  .   G - +0 cloak
rCorr    .         Harm     .   W - +0 pair of gloves
MR       ++...                  u - +0 pair of boots
Stlth    ..........             z - amulet of Vitality {Regen+ HP+15}
HPRegen  1.82/turn              f - +6 ring of dexterity
MPRegen  0.12/turn              v - ring of see invisible

@: berserking, regenerating, slowed
A: retaliatory headbutt, horns 2
a: Berserk, Trog's Hand, Brothers in Arms, Renounce Religion


You were on level 15 of the Dungeon.
You worshipped Trog.
Trog was extremely pleased with you.
You were not hungry.

You visited 2 branches of the dungeon, and saw 14 of its levels.

You collected 835 gold pieces.
You spent 285 gold pieces at shops.

Inventory:

Hand Weapons
 a - a +0 hand axe
 i - a +1 executioner's axe of chopping (weapon)
 S - a +2 war axe of freezing
Missiles
 K - 3 poisoned javelins (quivered)
Armour
 j - a scarf of resistance
 p - a +0 scale mail (worn)
 u - a +0 pair of boots (worn)
 G - a +0 cloak (worn)
 O - a +0 large shield
 W - a +0 pair of gloves (worn)
Jewellery
 f - a +6 ring of dexterity (left hand)
 v - a ring of see invisible (right hand)
 z - the amulet of Vitality (around neck) {Regen+ HP+15}
   (You found it on level 5 of the Dungeon)

   [amulet of regeneration]

   It affects your health (+15).
   It increases your rate of regeneration.
 L - an uncursed ring of ice {unknown}
 U - an uncursed ring of protection from magic {unknown}
 V - an uncursed ring of magical power {unknown}
Wands
 w - a wand of disintegration (12)
 F - a wand of digging (7)
 H - a wand of paralysis (10)
 I - a wand of acid (7)
 M - a wand of iceblast (10)
 N - a wand of enslavement (6)
 Q - a wand of flame (13)
 R - a wand of polymorph (7)
Scrolls
 b - 7 scrolls of teleportation
 e - a scroll of amnesia {unknown}
 h - 5 scrolls of remove curse {unknown}
 k - 2 scrolls of fear {unknown}
 l - 6 scrolls of identify {unknown}
 m - 4 scrolls of magic mapping {unknown}
 o - 5 scrolls of immolation {unknown}
 s - 3 scrolls of enchant armour {unknown}
 y - 2 scrolls of random uselessness {unknown}
 D - a scroll of fog {unknown}
 J - a scroll of enchant weapon {unknown}
Potions
 d - 5 potions of curing
 g - 3 potions of heal wounds
 n - 5 potions of flight
 q - 3 potions of might
 r - 2 potions of haste
 t - 2 potions of agility
 x - 3 potions of berserk rage {unknown}
 A - 2 potions of magic {unknown}
 B - a potion of resistance {unknown}
 C - 4 potions of lignification
 E - 3 potions of ambrosia {unknown}
 P - a potion of brilliance {unknown}
 T - a potion of invisibility {unknown}
Comestibles
 c - 28 rations


   Skills:
 + Level 12.6 Fighting
 * Level 16.7 Axes
 + Level 12.4 Armour
 - Level 2.3 Dodging


You had 11 spell levels left.
You didn't know any spells.
Your spell library contained the following spells:

 Spells                   Type           Power        Failure   Level  Hunger
 Animate Skeleton         Necr           N/A          67%         1    ##.....
 Pain                     Necr           #...         67%         1    ##.....
 Regeneration             Chrm/Necr      #.........   96%         3    ####...
 Vampiric Draining        Necr           #.........   96%         3    ####...
 Animate Dead             Necr           N/A          100%        4    #####..


Dungeon Overview and Level Annotations

Branches:
Dungeon (12/15)            Temple (1/1) D:5            Lair (0/6) D:11
    Orc: D:9-12

Altars:
Ashenzari
Cheibriados
Dithmenos
Fedhas
Gozag
Hepliaklqana
Kikubaaqudgha
Makhleb
Nemelex Xobeh
Okawaru
Qazlal
Ru
Sif Muna
Trog
Uskayaw
Vehumet
Wu Jian
Xom
Yredelemnul
Zin
The Shining One

Shops:
D:7 }!   D:8 !

Annotations:
D:6 2 transporters, Frank's ghost, novice OpFi
D:9 2 transporters, exclusion: ice statue, Errno's ghost, novice TrMo


Innate Abilities, Weirdness & Mutations

You reflexively headbutt those who attack you in melee.
You have a pair of horns on your head.


Message History

* * * LOW HITPOINT WARNING * * *
The two-headed ogre hits you with a +0 giant spiked club.
* * * LOW HITPOINT WARNING * * *
The two-headed ogre closely misses you. You furiously retaliate!
You headbutt the two-headed ogre!
You kill the two-headed ogre!
Trog accepts your kill. The two-headed ogre misses you.
The two-headed ogre hits you with a +0 giant spiked club.
* * * LOW HITPOINT WARNING * * *
The red ugly thing basks in the mutagenic energy from its kin and changes!
You slice the two-headed ogre!! You headbutt the two-headed ogre.
The two-headed ogre is severely wounded.
You closely miss the green ugly thing. You closely miss the cyan ugly thing.
You slash the two-headed ogre!
The green ugly thing tentacle-slaps you!
* * * LOW HITPOINT WARNING * * *
The cyan ugly thing basks in the mutagenic energy from its kin and changes!
The ogre hits you with a +0 giant spiked club!!
You die...

### #####.##
#..#..(# ###...u..#
##....[OO##
#.....uu@.####
##......Ou.##.#
#........##.(.###
.#....##.........##
...........(...##.##
...(.........#.#...#
............####...#
..........###......#
..............##)).#


You could see 4 ugly things, 2 two-headed ogres and an ogre.

Vanquished Creatures
  Snorg (D:11)
  An ogre mage (D:15)
  4 two-headed ogres
  2 unseen horrors
  Pikel (D:7)
  2 ugly things
  4 centaur zombies
  A cyclops (D:12)
  A redback zombie (D:7)
  A hellwing (D:7)
  7 trolls
  3 hippogriffs
  Sigmund (D:2)
  14 yaks
  A hungry ghost (D:8)
  A water moccasin (D:12)
  2 slaves (D:7)
  3 orc warriors
  2 black bears
  A phantom (D:6)
  3 sky beasts
  3 ice beasts
  4 wolves (D:11)
  14 ogres
  5 centaurs
  2 crocodiles
  4 big kobolds
  8 bullfrogs
  2 gnoll sergeants
  A wyvern skeleton (D:8)
  3 scorpions
  A water moccasin skeleton (D:12)
  12 killer bees
  2 howler monkeys (D:8)
  7 wights
  3 electric eels (D:11)
  4 crimson imps
  A bullfrog zombie (D:6)
  6 orc priests
  Crazy Yiuf (D:6)
  10 hounds
  3 jellies
  Ijyb (D:5)
  3 bullfrog skeletons
  9 orc wizards
  Jessica (D:2)
  3 centaur skeletons
  8 iguanas
  5 worker ants
  A hound skeleton (D:11)
  Robin (D:3)
  2 worker ant zombies
  12 gnolls
  15 adders
  A howler monkey skeleton (D:5)
  5 shadow imps
  4 oozes
  An adder zombie (D:8)
  2 adder skeletons
  2 worms
  4 dart slugs
  5 leopard geckos
  40 orcs
  7 giant cockroaches
  19 goblins
  9 hobgoblins
  18 jackals
  4 quokkas
  A ball python (D:5)
  13 bats
  5 frilled lizards
  A jackal skeleton (D:6)
  21 kobolds
  A leopard gecko skeleton (D:9)
  10 rats
  A spectral orc (D:6)
387 creatures vanquished.

Vanquished Creatures (collateral kills)
  An ugly thing (D:15)
1 creature vanquished.

Vanquished Creatures (others)
  A gnoll (D:7)
  4 plants (D:6)
5 creatures vanquished.

Grand Total: 393 creatures vanquished

Notes
Turn   | Place    | Note
-------+----------+-------------------------------------------
     0 | D:1      | diana the Minotaur Berserker began the quest for the Orb.
     0 | D:1      | Reached XP level 1. HP: 19/19 MP: 0/0
   206 | D:1      | Reached skill level 4 in Axes
   206 | D:1      | Reached XP level 2. HP: 27/27 MP: 1/1
   648 | D:2      | Reached XP level 3. HP: 27/33 MP: 2/2
   914 | D:2      | Noticed Sigmund
   926 | D:2      | Killed Sigmund
   926 | D:2      | Reached ** piety under Trog
   926 | D:2      | Reached skill level 6 in Axes
   926 | D:2      | Reached XP level 4. HP: 27/41 MP: 3/3
   926 | D:2      | Reached XP level 5. HP: 31/47 MP: 4/4
   967 | D:2      | Noticed Jessica
   972 | D:2      | Killed Jessica
   972 | D:2      | Reached skill level 5 in Fighting
  1212 | D:3      | Noticed Robin
  1217 | D:3      | Reached XP level 6. HP: 43/56 MP: 5/5
  1225 | D:3      | Killed Robin
  1298 | D:3      | Reached *** piety under Trog
  1318 | D:3      | Noticed an orc warrior
  1321 | D:3      | Found a hide-covered altar of Uskayaw.
  1332 | D:3      | Killed an orc warrior
  1332 | D:3      | Reached skill level 7 in Axes
  1332 | D:3      | Reached XP level 7. HP: 60/62 MP: 6/6
  1501 | D:3      | Found a stormy altar of Qazlal.
  1521 | D:3      | Reached skill level 5 in Armour
  2002 | D:4      | Found a snail-covered altar of Cheibriados.
  2016 | D:4      | Reached skill level 8 in Axes
  2448 | D:4      | Reached **** piety under Trog
  2660 | D:5      | Entered Level 5 of the Dungeon
  2777 | D:5      | Found a staircase to the Ecumenical Temple.
  2792 | D:5      | Reached XP level 8. HP: 44/71 MP: 7/7
  2797 | Temple   | Entered the Ecumenical Temple
  2946 | D:5      | Found the amulet of Vitality {Regen+ HP+15}
  2985 | D:5      | Found a sparkling altar of Nemelex Xobeh.
  3066 | D:5      | Noticed Ijyb
  3075 | D:5      | Killed Ijyb
  3075 | D:5      | Reached skill level 9 in Axes
  3562 | D:6      | Found a sparkling altar of Nemelex Xobeh.
  3594 | D:6      | Found a shadowy altar of Dithmenos.
  3598 | D:6      | Reached skill level 10 in Axes
  3656 | D:6      | Identified the +2 spear of Syedoewo {venom, +Fly rN++ MR-
                  | Int+3}
  3656 | D:6      | Identified the cursed +0 shield of the Duke {MR+}
  3741 | D:6      | Noticed Frank's ghost (novice OpFi)
  3764 | D:6      | Found an ancient bone altar of Kikubaaqudgha.
  3860 | D:6      | Found a basalt altar of Yredelemnul.
  3908 | D:6      | Found a transporter.
  3909 | D:6      | Found a transporter.
  3929 | D:6      | Identified the ring "Ovozuot" {rF+ MR+ Slay+4}
  4025 | D:6      | Found a runed translucent door.
  4026 | D:6      | Noticed Crazy Yiuf
  4036 | D:6      | Killed Crazy Yiuf
  4091 | D:7      | Reached XP level 9. HP: 69/81 MP: 8/8
  4095 | D:7      | Reached ***** piety under Trog
  4117 | D:7      | Reached skill level 11 in Axes
  4281 | D:7      | Reached skill level 12 in Axes
  4301 | D:7      | Found Roropnogg's Gadget Shop.
  4324 | D:7      | Found Lytan's Distillery.
  4331 | D:7      | Noticed Pikel
  4350 | D:7      | Killed Pikel
  4350 | D:7      | Reached XP level 10. HP: 76/91 MP: 9/9
  4354 | D:7      | Found a shimmering altar of Xom.
  4445 | D:7      | Bought a potion of heal wounds for 75 gold pieces
  4445 | D:7      | Bought a potion of curing for 45 gold pieces
  4445 | D:7      | Bought a potion of degeneration for 15 gold pieces
  4487 | D:7      | You fall through a shaft for 3 floors!
  4487 | D:10     | Entered Level 10 of the Dungeon
  4522 | D:10     | Reached skill level 13 in Axes
  4525 | D:10     | Reached skill level 10 in Fighting
  4851 | D:9      | Received a gift from Trog
  4902 | D:9      | Reached skill level 10 in Armour
  4965 | D:9      | Noticed an ice statue
  5001 | D:8      | Found a glowing golden altar of the Shining One.
  5053 | D:8      | Found Keskeut's Distillery.
  5108 | D:8      | Bought a potion of might for 60 gold pieces
  5108 | D:8      | Bought a potion of flight for 45 gold pieces
  5108 | D:8      | Bought a potion of lignification for 45 gold pieces
  5271 | D:8      | Noticed a two-headed ogre
  5276 | D:8      | Killed a two-headed ogre
  5276 | D:8      | Reached skill level 14 in Axes
  5293 | D:8      | Reached XP level 11. HP: 101/101 MP: 10/10
  5579 | D:8      | Found a shattered altar of Ashenzari.
  6182 | D:9      | Noticed Errno's ghost (novice TrMo)
  6198 | D:9      | Found a transporter.
  6202 | D:9      | Found a transporter.
  6424 | D:9      | Reached ****** piety under Trog
  6495 | D:9      | Found an opulent altar of Gozag.
  6595 | D:10     | Noticed an unseen horror
  6601 | D:10     | Killed an unseen horror
  6925 | D:11     | Reached skill level 15 in Axes
  6991 | D:11     | Received a gift from Trog
  6991 | D:11     | Noticed Snorg
  7001 | D:11     | Killed Snorg
  7172 | D:11     | Found a staircase to the Lair.
  7722 | D:12     | Noticed a white ugly thing
  7733 | D:12     | Killed a white ugly thing
  7816 | D:12     | Noticed an unseen horror
  7818 | D:12     | Reached XP level 12. HP: 109/112 MP: 11/11
  7818 | D:12     | Reached skill level 16 in Axes
  7910 | D:12     | You fall through a shaft for 3 floors!
  7910 | D:15     | Entered Level 15 of the Dungeon
  7911 | D:15     | Noticed a two-headed ogre
  7955 | D:15     | Noticed an eight-headed hydra
  8001 | D:15     | Noticed a two-headed ogre
  8009 | D:15     | Killed a two-headed ogre
  8011 | D:15     | Killed a two-headed ogre
  8083 | D:15     | Noticed an ogre mage
  8087 | D:15     | Noticed a two-headed ogre
  8089 | D:15     | Noticed a two-headed ogre
  8090 | D:15     | Noticed a two-headed ogre
  8093 | D:15     | Killed an ogre mage
  8097 | D:15     | Killed a two-headed ogre
  8098 | D:15     | HP: 3/192 [green ugly thing (13)]
  8098 | D:15     | Demolished by an ogre

Skill      XL: |  1  2  3  4  5  6  7  8  9 10 11 12 |
---------------+-------------------------------------+-----
Axes           | 4 6 7 8 10 12 14 15 16 | 16.7
Fighting       | 4 5 6 8 9 10 12 | 12.6
Armour         | 4 5 7 9 10 11 12 | 12.4
Dodging        | |  2.3

Action                   |  1- 3 |  4- 6 |  7- 9 | 10-12 || total
-------------------------+-------+-------+-------+-------++-------
Melee: Hand axe          |    66 |    49 |   311 |   114 ||   540
       Headbutt          |     6 |    12 |    84 |    93 ||   195
       Executioner's axe |       |       |       |   254 ||   254
Invok: Berserk           |     1 |     2 |     2 |     5 ||    10
       Trog's Hand       |       |       |       |     3 ||     3
       Brothers in Arms  |       |       |       |     1 ||     1
Evoke: Wand              |       |       |       |     5 ||     5
  Use: Scroll            |       |       |       |     1 ||     1
 Stab: Sleeping          |     2 |       |       |       ||     2
  Eat: Chunk             |       |     3 |    11 |    20 ||    34
       Ration            |       |       |       |     1 ||     1
Armor: Animal skin       |    19 |       |       |       ||    19
       Scale mail        |       |    26 |   110 |   214 ||   350
Dodge: Dodged            |    54 |    46 |   152 |   260 ||   512
